← All builds
Front / Cortex / Economy first / OBSERVED BUILD

Standard front

Cortex Front build order · Supreme Isthmus

The role's default economy-first play: Bot Lab right away, Advanced Metal Extractor around 9:12, transitioning into the usual Thug/Grunt/Aggravator mix to hold the wider gap and feed the middle.

#eco #defence · 209 distinct matches · 68 players · 63% of Cortex Front games · team won 44% of 212 · Recently observed

HOW TO PLAY IT

Key timing: Bot Lab by 0:40

  1. Open 2 mex into early Bot Lab.
  2. Finish Bot Lab and start Thug, Grunt, Aggravator mix.
  3. Send first units to coast to stop leaks, not straight to mid.
  4. Transition into Advanced Metal Extractor as eco scales.
  5. Move units up as a line toward middle to hold the wider gap.

Phase by phase

TYPICAL OF ITS 209 GAMES
  1. 1
  2. 2
  3. 3
PLAY THE OPENING

Follow the example game's first 6:00 step by step: what to build now, what comes next, and where it goes. At 1× it keeps pace with your own game.

  1. 1

    Up to the Bot Lab

    Economy
    • Metal Extractor2Mex
    Order
    1. Bot LabBot Lab after 2 mex, 1 winddone ~0:40, middle half 0:34–0:46

    Some games also: wind (50%)

    By 0:24 in all: 2 mex

    The example game in this phase · 3 steps
    1. Mex ×2
    2. Wind ×2
    3. Bot LabBot Labdone 0:45 · typical 0:40
  2. 2

    Bot Lab to 5:00

    Economy
    • Metal Extractor4Mex
    • Wind Turbine4Wind
    Builders
    • Construction Bot3 Con bot
    • Graverobber2 Graverobber
    Army
    • Guard2 Guard
    • Thug7 Thug
    • Aggravator5 Aggravator
    • Grunt4 Grunt

    Some games also: con turret (42%) · Radar Tower (35%)

    By 5:00 in all: 6 mex · 5 wind

    The example game in this phase · 30 steps
    1. Wind
    2. GruntGrunt ×3
    3. Mex
    4. Construction BotCon bot ×2
    5. Mex
    6. GraverobberGraverobber
    7. GruntGrunt
    8. GraverobberGraverobber ×2
    9. Mex
    10. ThistleThistle
    11. Mex
    12. ThugThug ×2
    13. Mex
    14. Con turret
    15. ThugThug
    16. Mex
    17. ThugThug
    18. Twin GuardTwin Guard
    19. ThugThug
    20. Twin GuardTwin Guard
    21. ThugThug ×2
    22. WardenWarden
    23. Wind
    24. ThugThug
    25. Wind ×5
    26. Con turret
    27. Bot LabBot Labdone 4:51
    28. Wind
    29. Energy storage
    30. Bot LabEat Bot Labreclaimed for its metal
  3. 3

    5:00 to 10:00

    Economy
    • Metal Extractor1Mex
    • Wind Turbine17Wind
    Builders
    • Construction Turret2 Con turret
    • Graverobber2 Graverobber
    • Construction Bot1 Con bot
    Army
    • Guard1 Guard
    • Grunt7 Grunt
    • Thug2 Thug

    Some games also: aggravator (47%) · energy storage (40%) · Radar Tower (39%) · converter (36%) · Twin Guard (36%) · eat Bot Lab (37%)

    By 10:00 in all: 7 mex · 24 wind · 3 con turret

    The example game in this phase · 102 steps
    1. Wind ×2
    2. TrasherTrasher
    3. Wind
    4. Twin GuardTwin Guard
    5. Radar TowerRadar Tower
    6. Wind
    7. TrasherTrasher
    8. Wind ×2
    9. GraverobberGraverobber
    10. Wind
    11. GraverobberGraverobber
    12. Mex
    13. Wind
    14. ThugThug
    15. GuardGuard
    16. Wind
    17. ThugThug
    18. GruntGrunt
    19. Wind
    20. ThugThug
    21. GuardGuard
    22. ThugThug
    23. GruntGrunt
    24. Wind
    25. ThugThug ×2
    26. Twin GuardTwin Guard
    27. Converter
    28. ThugThug
    29. Con turret
    30. Converter
    31. ThugThug ×3
    32. Converter
    33. ThugThug
    34. Converter
    35. ThugThug ×2
    36. Con turret
    37. Converter
    38. ThugThug
    39. Converter
    40. ThugThug ×2
    41. Converter
    42. ThugThug
    43. AgitatorAgitatordone 8:13
    44. ThugThug
    45. Converter
    46. ThugThug ×6
    47. GraverobberGraverobber ×3
    48. ThugThug ×4
    49. RocketeerRocketeer
    50. ThugThug ×3
    51. RocketeerRocketeer
    52. TrasherTrasher
    53. ThugThug
    54. SentrySentry
    55. ThugThug ×11
    56. GruntGrunt ×7
    57. Con turret
    58. GruntGrunt ×5
    59. Dragon's TeethDragon's Teeth
    60. GruntGrunt
    61. Dragon's TeethDragon's Teeth ×2
    62. GruntGrunt
    63. Wind
    64. GruntGrunt ×2
    65. Wind
    66. GruntGrunt
    67. Wind
    68. GruntGrunt
    69. Wind
    70. GruntGrunt ×2
    71. Wind
    72. GruntGrunt
    73. Dragon's TeethDragon's Teeth
    74. GruntGrunt
    75. Wind
    76. Dragon's TeethDragon's Teeth
    77. GruntGrunt
    78. Wind
    79. GruntGrunt
    80. Wind ×2
    81. GruntGrunt
    82. Wind ×2
    83. GruntGrunt
    84. Wind
    85. EradicatorEradicator
    86. GruntGrunt
    87. TrasherTrasher ×2
    88. GruntGrunt ×5
    89. Advanced Metal ExtractorT2 mexdone 13:23
    90. GruntGrunt ×5
    91. Con turret
    92. GruntGrunt
    93. Advanced Metal ExtractorT2 mex
    94. GruntGrunt
    95. Con turret
    96. GruntGrunt ×2
    97. Con turret
    98. Bot LabBot Labdone 14:06
    99. Advanced Metal ExtractorT2 mex
    100. GruntGrunt ×4
    101. ScorpionScorpion
    102. GruntGrunt ×2

Counts are medians over the build's games: half of them build more, half fewer. The example game is Deathkebab's (36 OS, 10/10/2026); pick another.

Team trades

IN AT LEAST 30% OF ITS GAMES

You hand over

Nothing regular.

You get

  • Tidal Generator4 Tidal from Pondfirst at 0:17 · in 66% of games
  • Advanced Construction Bot1 T2 con bot from Geo or Techfirst at 7:34 · in 66% of games

How it plays out

Typical game of this build, running totals by minute

Metal produced

010k20k30k
0:005:0010:0015:00

metal

Enemy metal destroyed

02.5k5k7.5k
0:005:0010:0015:00

metal

Own metal lost

05k10k
0:005:0010:0015:00

metal

212 games.

Show as table
ByMetal produced: This buildEnemy metal destroyed: This buildOwn metal lost: This build
1:0033100
2:0085800
3:0016238686
4:002685356326
5:003812920862
6:00505516461608
7:00632923862536
8:00769131743348
9:00914638224242
10:001088743925077
11:001282749235936
12:001501152976967
13:001732959477650
14:001970263318543
15:002237471809445
WHAT THE NUMBERS SAY

Standard front play wins less than half its games, with losses slightly outpacing kills through the first 15 minutes.

  • + Kills reach 7200 by 15:00 despite the safer starting position.
  • + T2 constructor reached in 85% of games, solid tech follow-through.
  • − Team wins under half of games (45%), the weakest shown here.
  • − Own metal lost (9484) exceeds enemy metal destroyed (7200) by 15:00.
THE EXAMPLE YOU ARE READING

Deathkebab

35.9 OS · 10/10/2026

Open source match ↗

6 received units · includes a constructor
142 metal received · 53525 energy received

Allied construction assistance is unknown. Timings are observations, not a promise of solo reproducibility.

Typical milestones

Bot Lab0:40Middle 50%: 0:34–0:46 · n=196
Advanced Metal Extractor9:13Middle 50%: 8:15–10:29 · n=166

Played most by

Hummell23games of this buildwatermeloans19games of this buildiLike2Eco13games of this buildErilium11games of this buildGeeGee11games of this build